 Dungeon Crawl Stone Soup version 0.29-a0-973-gac7da5f7f0 (webtiles) character file.

Game seed: 2791907516908634472

90 pokeman the Magician (level 4, 0/25 HPs)
             Began as a Deep Elf Hedge Wizard on July 31, 2022.
             Slain by an orc
             ... wielding a +0 flail
              (6 damage)
             ... on level 3 of the Dungeon.
             The game lasted 00:03:45 (2492 turns).

pokeman the Magician (Deep Elf Hedge Wizard)        Turns: 2492, Time: 00:03:46

Health: 0/25       AC:  5    Str:  7    XL:     4   Next: 32%
Magic:  0/13       EV: 12    Int: 21    God:
Gold:   110        SH:  0    Dex: 14    Spells: 3/14 levels left

rFire   . . .      SeeInvis .   a - +2 dagger (elec)
rCold   . . .      Faith    .   (no shield)
rNeg    . . .      Spirit   .   f - +2 leather armour {rPois}
rPois   +          Reflect  .   c - +0 hat
rElec   .          Harm     .   (no cloak)
rCorr   .          Rampage  .   (no gloves)
Will    .....                   (no boots)
Stlth   ++........              (no amulet)
HPRegen 0.08/turn               (no ring)
MPRegen 0.13/turn               (no ring)

@: no status effects
A: no striking features
a: no special abilities


You were on level 3 of the Dungeon.
You visited 1 branch of the dungeon, and saw 3 of its levels.

You collected 110 gold pieces.

Inventory:

Hand Weapons
 a - a +2 dagger of electrocution (weapon)
Armour
 c - a +0 hat (worn)
 f - a +2 leather armour of poison resistance (worn)
Magical Staves
 j - a staff of death
Scrolls
 e - a scroll of enchant weapon {unknown}
 g - a scroll of vulnerability {unknown}
 h - a scroll of torment {unknown}
 i - a scroll of magic mapping {unknown}
 k - a scroll of identify {unknown}
 m - a scroll of immolation {unknown}
Potions
 b - a potion of haste {unknown}
 d - a potion of magic
 l - a potion of ambrosia {unknown}


   Skills:
 - Level 1.0 Fighting
 - Level 1.1 Armour
 + Level 2.6 Dodging
 + Level 2.8 Stealth
 * Level 5.6 Spellcasting
 + Level 2.1 Conjurations
 - Level 1.1 Summonings
 - Level 1.1 Translocations


You had 3 spell levels left.
You knew the following spells:

 Your Spells              Type           Power      Damage    Failure   Level
a - Magic Dart            Conj           56%        1d5       6%          1
b - Mephitic Cloud        Conj/Pois/Air  8%         N/A       32%         3
c - Call Imp              Summ           10%        N/A       14%         2
d - Blink                 Tloc           20%        N/A       14%         2
e - Conjure Flame         Conj/Fire      10%        6-21      28%         3

Your spell library contained the following spells:

 Spells                   Type           Power      Damage    Failure   Level
 Slow                     Hex            20%        N/A       16%         1
 Call Canine Familiar     Summ           10%        N/A       28%         3
 Portal Projectile        Hex/Tloc       16%        N/A       34%         3
 Leda's Liquefaction      Hex/Erth       2%         N/A       83%         4


Dungeon Overview and Level Annotations

Branches:
Dungeon (3/15)

Altars:

Shops:
D:1 =


Message History

Unknown command.
Unknown command.
You hit the kobold but do no damage. Lightning courses through the kobold!
You kill the kobold!
An orc comes into view. It is wielding a +0 club.
You hit the orc.
The orc is heavily wounded.
The orc hits you with a +0 hand axe.
You hit the orc.
The orc is almost dead.
The orc hits you with a +0 hand axe.
You barely miss the orc.
The orc is almost dead.
The orc hits you with a +0 hand axe.
You hit the orc but do no damage.
The orc is almost dead.
The kobold closely misses you. The orc hits you with a +0 hand axe.
You hit the orc. Lightning courses through the orc!
You kill the orc!
The kobold closely misses you. The kobold misses you.
The orc attacks as you move away! The orc misses you.
The orc attacks as you move away! The orc hits you but does no damage.
The kobold throws a poisoned dart.
The poisoned dart hits you!
The kobold throws a poisoned dart.
The poisoned dart hits you!
There is an open door here.
You hit the orc.
The orc is lightly wounded.
The orc hits you with a +0 flail!
* * * LOW HITPOINT WARNING * * *
Unknown command.
Casting: Magic Dart (safe; 6% risk of failure)
Confirm with . or Enter, or press ? or * to list all spells.
A beastly little devil appears in a puff of flame.
The orc barely misses you.
Unknown command.
You barely miss the orc. Your punch misses the orc.
The orc is lightly wounded.
The orc hits you with a +0 flail.
You die...

K.≈≈.............#
...)≈............#
≈....≈...........#
.≈≈..≈...........#
...≈≈............#
≈⌠...............####.#
K≈≈............K5.....#
≈....#.###'#o#######
....#.#...#@# ..
#.#.###.# #.#.....#
#.#..###### #.#.......#
### #.##.####.# #.#
#....# #.# #.# ######
#.######.# #........#


You could see an orc, a kobold (ally target) and a friendly crimson imp
(summoned).

Vanquished Creatures
  An orc wizard (D:3)
  A worm (D:2)
  A dart slug (D:1)
  2 orcs (D:3)
  2 bats
  4 endoplasms
  A giant cockroach (D:1)
  2 goblins (D:1)
  8 hobgoblins
  3 jackals (D:1)
  8 kobolds
  5 quokkas
  7 ball pythons
  3 frilled lizards
  4 rats
52 creatures vanquished.

Notes
Turn   | Place    | Note
-------+----------+-------------------------------------------
     0 | D:1      | pokeman the Deep Elf Hedge Wizard began the quest for the
                  | Orb.
     0 | D:1      | Reached XP level 1. HP: 10/10 MP: 7/7
   106 | D:1      | Reached XP level 2. HP: 8/16 MP: 1/9
   578 | D:1      | Reached skill level 5 in Spellcasting
   658 | D:1      | Found Nublysus's Jewellery Shoppe.
   841 | D:1      | Reached XP level 3. HP: 20/20 MP: 9/11
   845 | D:1      | Learned a level 3 spell: Mephitic Cloud
   848 | D:1      | Learned a level 2 spell: Call Imp
   851 | D:1      | Learned a level 2 spell: Blink
   855 | D:1      | Learned a level 3 spell: Conjure Flame
  1032 | D:1      | Found a faded altar of an unknown god.
  1185 | D:1      | Reached skill level 1 in Armour
  1831 | D:2      | Reached skill level 1 in Fighting
  2467 | D:3      | Reached XP level 4. HP: 25/25 MP: 5/13
  2492 | D:3      | Slain by an orc

Illustrated notes

Levels and vault maps discovered:
D:1:      eino_arrival_water_star, layout_basic, serial_shops,
          nicolae_shop_advertising_works [nicolae_subvault_shop_adworks],
          shapermc_ecumenical_altar_venn, st_stairs_11
D:2:      layout_basic
D:3:      cheibrodos_helix_gallery, layout_basic, trog_three_pillars_becter,
          serial_shops, shop, uniq_terence, uniq_ijyb, uniq_sigmund, uniq_robin,
          uniq_natasha

Skill      XL: |  1  2  3 |
---------------+----------+-----
Spellcasting   | 5 |  5.6
Armour         | 1 |  1.1
Fighting       | 1 |  1.0
Conjurations   | 2 |  2.1
Dodging        | |  2.6
Stealth        | |  2.8
Summonings     | |  1.1
Translocations | |  1.1

Action                   |  1- 3 |  4- 6 || total
-------------------------+-------+-------++-------
Melee: Dagger            |    24 |     8 ||    32
       Punch             |     1 |       ||     1
 Cast: Magic Dart        |   108 |     6 ||   114
       Mephitic Cloud    |     1 |       ||     1
       Call Imp          |       |     1 ||     1
Armor: Robe              |     8 |       ||     8
       Leather armour    |     3 |     1 ||     4
Dodge: Dodged            |    29 |     5 ||    34

Table legend: (Time is in decaauts)
 A = Elapsed time spent in this place.
 B = Non-inter-level travel time spent in this place.
 C = Inter-level travel time spent in this place.
 D = Time resting spent in this place.
 E = Time spent auto-exploring this place.
 F = Levels seen in this place.
 G = Mean time per level.
                   A        B        C        D        E       F      G
               +--------+--------+--------+--------+--------+-----+--------+
         Total |   2491 |   2445 |     46 |      4 |   2155 |   3 |  830.3 |
       Dungeon |   2491 |   2445 |     46 |      4 |   2155 |   3 |  830.3 |
               +--------+--------+--------+--------+--------+-----+--------+

Top non-repeatable levels by time:
     D:1: 1546 daAuts
     D:2: 780 daAuts
     D:3: 164 daAuts
